Map: Emerald City LE

Players

Nightmare - Winner!

  • Race: Protoss Protoss
  • Spawn Location: 11:00

XxDepravity - Winner!

  • Race: Zerg Zerg
  • Spawn Location: 11:00

Straw

  • Race: Protoss Protoss
  • Spawn Location: 5:00

iSchneider

  • Race: Terran Terran
  • Spawn Location: 5:00

VOD

Have the link to the VOD?

Description

Gold 1

Time

  • Played on: Dec. 1, 2018, 1:31 p.m.
  • Length: 12:46
Show
View Real Time Build Order
Export as new Build Order

Nightmare Protoss - Winner!

Build Orders: Carriers 

Get SALT Encoding   

  12  0:01  Probe  
  13  0:13  Probe  
  14  0:21  Pylon  
  14  0:25  Probe  
  15  0:37  Probe  
  15  0:42  Forge  
  16  0:45  Probe  
  17  0:50  Assimilator  
  17  0:53  Probe  
  18  1:05  Probe  
  19  1:15  Photon Cannon  
  19  1:17  Probe  
  20  1:22  Photon Cannon  
  20  1:41  Pylon  
  20  1:45  Assimilator  
  20  1:51  Probe  
  21  2:03  Probe  
  22  2:08  Gateway  
  22  2:12  Protoss Shields Level 1  
  22  2:20  Nexus  
  22  2:25  Probe  
  22  2:27  Pylon  
  23  2:30  Pylon  
  23  2:35  Photon Cannon  
  23  2:37  Pylon  
  23  2:48  Probe  
  23  2:56  Probe, Assimilator  
  24  2:59  Cybernetics Core  
  25  3:06  Probe  
  26  3:17  Probe  
  26  3:18  Pylon  
  27  3:22  Pylon  
  27  3:23  Pylon  
  27  3:25  Probe  
  27  3:26  Protoss Air Weapons Level 1  
  27  3:29  Probe  
  27  3:33  Probe  
  29  3:37  Probe  
  29  3:38  Stargate  
  29  3:39  Stargate  
  29  3:40  Stargate  
  30  3:44  Probe, Photon Cannon  
  30  3:46  Shield Battery  
  30  3:47  Probe  
  32  3:50  Shield Battery  
  32  3:52  Shield Battery  
  32  3:54  Photon Cannon  
  33  3:56  Assimilator, Probe, Photon Cannon  
  33  3:59  Probe  
  35  4:06  Robotics Facility  
  35  4:08  Probe  
  36  4:11  Probe  
  36  4:13  Void Ray  
  37  4:20  Probe  
  37  4:23  Void Ray, Probe  
  37  4:24  Void Ray  
  51  4:33  Probe  
  51  4:35  Probe  
  51  4:37  Pylon  
  53  4:41  Pylon  
  53  4:43  Pylon  
  53  4:45  Probe  
  54  4:47  Probe  
  54  4:49  Fleet Beacon  
  55  4:56  Observer, Void Ray  
  55  4:57  Probe  
  55  4:59  Probe, Pylon  
  62  5:02  Pylon  
  62  5:05  Pylon  
  62  5:06  Void Ray  
  62  5:07  Pylon  
  66  5:14  Protoss Air Armor Level 1  
  66  5:15  Assimilator  
  66  5:21  Assimilator  
  66  5:30  Probe  
  66  5:31  Probe  
  66  5:35  Void Ray  
  72  5:39  Void Ray  
  76  5:43  Probe  
  76  5:45  Probe  
  78  5:53  Void Ray  
  78  5:55  Probe  
  83  5:58  Probe  
  80  6:18  Void Ray  
  80  6:22  Void Ray  
  84  6:28  Nexus  
  84  6:36  Void Ray  
  88  6:46  Assimilator  
  88  6:50  Assimilator  
  88  6:55  Pylon  
  88  6:57  Pylon  
  88  6:59  Pylon  
  88  7:00  Void Ray, Pylon  
  92  7:02  Pylon  
  92  7:05  Carrier, Pylon  
  92  7:07  Pylon  
  98  7:09  Pylon  
  98  7:10  Protoss Air Weapons Level 2  
  98  7:14  Probe x2  
  98  7:15  Photon Cannon  
  100  7:18  Photon Cannon  
  100  7:19  Carrier  
  106  7:26  Probe  
  107  7:38  Probe  
  107  7:39  Carrier  
  114  7:46  Probe  
  115  7:55  Photon Cannon  
  115  7:56  Probe  
  115  7:57  Photon Cannon  
  116  8:00  Photon Cannon  
  116  8:03  Tempest  
  116  8:05  Stargate  
  121  8:13  Carrier  
  127  8:38  Carrier  
  127  8:42  Void Ray  
  137  8:52  Cybernetics Core  
  137  9:01  Pylon  
  137  9:03  Pylon  
  137  9:04  Carrier  
  137  9:05  Pylon  
  137  9:08  Pylon  
  143  9:10  Pylon  
  143  9:14  Tempest  
  143  9:15  Carrier  
  143  9:16  Mothership  
  143  9:20  Protoss Air Weapons Level 3  
  148  9:24  Photon Cannon  
  148  9:26  Photon Cannon  
  148  9:27  Photon Cannon  
  148  9:29  Photon Cannon  
  148  9:31  Photon Cannon  
  154  9:32  Tempest  
  154  9:33  Shield Battery  
  154  9:34  Shield Battery  
  154  9:37  Shield Battery  
  154  9:39  Photon Cannon  
  154  9:40  Photon Cannon  
  167  9:48  Photon Cannon  
  167  9:50  Carrier, Photon Cannon  
  167  9:52  Photon Cannon  
  167  9:54  Photon Cannon  
  167  9:56  Photon Cannon  
  167  9:58  Photon Cannon  
  173  10:01  Photon Cannon  
  173  10:04  Pylon  
  173  10:06  Pylon  
  173  10:08  Void Ray, Pylon  
  173  10:10  Photon Cannon  
  173  10:12  Shield Battery  
  177  10:14  Shield Battery  
  177  10:15  Carrier  
  177  10:16  Pylon  
  177  10:18  Pylon  
  177  10:20  Carrier  
  189  10:21  Pylon  
  189  10:44  Shield Battery  
  189  10:46  Shield Battery  
  189  10:48  Shield Battery  
  189  10:50  Void Ray, Shield Battery  
  189  10:54  Carrier  
  199  10:58  Shield Battery  
  199  11:00  Shield Battery  
  199  11:02  Shield Battery  
  199  11:10  Shield Battery  
  199  11:13  Shield Battery  
  199  11:15  Shield Battery  
Show
View Real Time Build Order
Export as new Build Order

XxDepravity Zerg - Winner!

Build Orders: Hatch First 

Get SALT Encoding   

  12  0:04  Drone  
  13  0:16  Drone  
  13  0:17  Overlord  
  14  0:45  Drone  
  14  0:47  Drone  
  14  0:48  Drone  
  17  1:03  Hatchery  
  16  1:09  Drone x2  
  18  1:15  Extractor  
  17  1:22  Spawning Pool  
  17  1:24  Drone  
  17  1:42  Drone  
  17  1:43  Drone  
  19  1:54  Overlord  
  19  3:03  Drone x3  
  22  3:11  Drone x3  
Show
View Real Time Build Order
Export as new Build Order

Straw Protoss 

Build Orders:  

Get SALT Encoding   

  12  0:01  Probe  
  13  0:13  Probe  
  14  0:19  Pylon  
  14  0:34  Probe, Pylon  
  14  0:42  Probe  
  16  0:54  Gateway  
  16  0:55  Probe  
  16  0:59  Assimilator  
  16  1:03  Probe  
  17  1:09  Assimilator  
  18  1:11  Probe  
  19  1:23  Probe  
  20  1:35  Probe  
  21  1:42  Cybernetics Core  
  21  1:45  Gateway  
  21  1:47  Probe  
  22  1:56  Pylon  
  22  1:59  Probe  
  23  2:12  Gateway  
  23  2:15  Forge  
  23  2:24  Adept  
  25  2:49  Adept  
  29  2:51  Sentry  
  29  2:59  Photon Cannon  
  29  3:02  Photon Cannon  
  29  3:03  Probe  
  30  3:11  Adept  
  32  3:15  Probe  
  32  3:16  Zealot  
  32  3:18  Sentry  
  32  3:19  Protoss Ground Weapons Level 1, Warp Gate  
  37  3:29  Gateway  
  37  4:07  Adept  
  39  4:17  Pylon  
  39  4:18  Pylon  
  39  4:23  Pylon  
  39  5:07  Nexus  
  39  5:11  Assimilator  
  39  5:15  Assimilator  
  39  5:17  Pylon  
  39  5:23  Stalker  
  39  5:24  Stalker  
  39  5:26  Adept  
  39  5:27  Adept  
  25  6:26  Probe  
  25  6:27  Pylon  
  25  6:29  Zealot, Stalker  
  25  6:30  Sentry, Stalker  
  34  6:38  Probe  
  35  6:50  Probe  
  36  6:57  Stalker x3  
  36  6:58  Stalker  
  44  7:02  Probe  
  45  7:11  Probe  
  46  7:19  Probe  
  46  7:23  Robotics Facility  
  46  7:28  Stalker x2  
  46  7:29  Stalker x2, Probe  
  56  7:41  Probe  
  57  7:52  Stalker  
  57  7:53  Stalker x3  
  65  8:39  Stargate  
  65  8:44  Stargate  
  65  8:45  Stargate  
  65  8:55  Stalker x2  
  65  8:56  Stalker  
  65  8:57  Stalker  
  65  9:01  Probe  
  73  9:09  Probe  
  75  9:18  Probe  
  76  9:24  Photon Cannon  
  76  9:26  Probe  
  76  9:28  Photon Cannon  
  76  9:31  Stalker  
  79  9:32  Photon Cannon  
  79  9:34  Probe  
  79  9:45  Probe  
  80  9:48  Fleet Beacon  
  81  9:57  Probe  
  82  10:18  Phoenix  
  82  10:19  Phoenix x2  
  88  10:43  Phoenix  
  88  10:44  Phoenix x2  
  88  10:47  Nexus  
  88  10:48  Anion Pulse-Crystals  
  94  11:16  Pylon  
  94  11:24  Pylon  
  94  11:27  Pylon  
  94  11:29  Phoenix  
  94  11:30  Phoenix x2  
  100  11:48  Observer  
  100  11:49  Phoenix x2  
  100  11:50  Phoenix  
  107  12:14  Phoenix  
Show
View Real Time Build Order
Export as new Build Order

iSchneider Terran 

Build Orders:  

Get SALT Encoding   

  12  0:01  SCV  
  13  0:13  SCV  
  14  0:20  Refinery  
  14  0:28  Supply Depot  
  14  0:32  SCV  
  15  0:50  SCV  
  15  0:54  Barracks  
  16  1:03  Supply Depot  
  16  1:10  Barracks  
  16  1:15  SCV  
  17  1:29  Barracks  
  17  1:37  SCV  
  18  1:45  Barracks Reactor  
  18  1:50  Orbital Command  
  18  2:12  Marine  
  19  2:21  Marine  
  19  2:30  Engineering Bay  
  19  2:32  Marine x3  
  22  2:42  Factory  
  22  2:43  Marine  
  23  2:49  Marine  
  23  2:50  Marine x2  
  26  3:05  Barracks Tech Lab  
  26  3:08  Marine x3  
  26  3:11  SCV  
  30  3:14  Supply Depot  
  30  3:19  Terran Infantry Weapons Level 1  
  31  3:31  Barracks Tech Lab  
  30  3:49  Widow Mine  
  30  3:52  Barracks Reactor  
  30  3:53  Marine  
  30  3:54  Marine  
  34  3:59  Refinery  
  34  4:11  Widow Mine, Marine  
  34  4:12  Marine  
  38  4:29  Marine  
  39  4:48  Command Center  
  39  4:59  Supply Depot  
  39  5:00  Supply Depot  
  39  5:13  Terran Infantry Armor Level 1  
  39  5:18  Engineering Bay  
  39  5:20  Marine x4  
  39  5:21  Hellion  
  45  5:38  Marine x2  
  47  5:56  Marine  
  39  6:13  Marine  
  28  6:28  Marine x2  
  28  6:29  Marine  
  28  6:31  Marine  
  32  6:46  Marine x3  
  35  6:47  SCV  
  35  6:49  Marine  
  37  6:59  SCV  
  40  7:11  SCV  
  39  7:19  Factory  
  39  7:20  Siege Tank  
  42  7:23  SCV  
  43  7:35  SCV  
  44  7:42  Marine x2  
  46  7:48  Barracks Reactor  
  46  7:52  Siege Tank  
  49  7:59  Refinery  
  49  8:00  Marine  
  49  8:01  Refinery, Barracks Reactor  
  51  8:05  SCV  
  51  8:09  Siege Tank  
  54  8:32  SCV  
  55  8:39  Marine x5  
  60  8:44  SCV  
  61  8:53  Siege Tank x2  
  67  8:56  SCV  
  68  9:08  SCV  
  69  9:21  Command Center  
  69  9:27  SCV  
  70  9:53  Armory  
  70  9:54  Orbital Command  
  70  10:14  Command Center  
  70  10:28  Armory  
  70  10:33  SCV, Armory  
  71  10:35  Refinery  
  71  10:45  Thor x2  
  83  11:01  Refinery  
  83  11:05  SCV  
  84  11:18  SCV  
  85  11:28  Thor x2  
  85  11:29  Orbital Command  
  85  11:32  SCV x2  
  99  11:39  Supply Depot x2  
  99  11:44  SCV  
  99  11:45  Supply Depot  
  100  11:51  Supply Depot  
  100  11:56  SCV  
  100  12:01  SCV  
  100  12:07  Supply Depot  
Tags
 
Add a new tag
Caveats
  • Supply blocks, unpowered buildings, or Contaminate may cause inaccurate times.
  • Supply counts are checked every 10 seconds.